 Dungeon Crawl Stone Soup version 0.28-a0-1506-g3893175d92 (webtiles) character file.

Game seed: 15547694693585583686

816 lonewolfV2 the Chopper (level 7, -8/52 HPs)
             Began as a Demonspawn Gladiator on Jan 13, 2022.
             Was an Initiate of Makhleb.
             Mangled by a yak (13 damage)
             ... on level 4 of the Dungeon.
             The game lasted 00:10:17 (4828 turns).

lonewolfV2 the Chopper (Demonspawn Gladiator)       Turns: 4828, Time: 00:10:18

Health: -8/52      AC:  5    Str: 17    XL:     7   Next: 62%
Magic:  7/7        EV: 13    Int:  9    God:    Makhleb [......]
Gold:   147        SH:  0    Dex: 14    Spells: 6/6 levels left

rFire   . . .      SeeInvis .   a - +0 war axe
rCold   . . .      Faith    .   (no shield)
rNeg    . . .      Spirit   .   b - +0 leather armour
rPois   .          Reflect  .   (helmet restricted)
rElec   .          Harm     .   (no cloak)
rCorr   .          Rampage  .   (no gloves)
Will    .....                   (no boots)
Stlth   ++........              (no amulet)
HPRegen 0.17/turn               (no ring)
MPRegen 0.10/turn               (no ring)

@: hasted, very quick
A: horns 1, slimy green scales 1, spiny 2
a: Renounce Religion


You were on level 4 of the Dungeon.
You worshipped Makhleb.
Makhleb was noncommittal.
You visited 2 branches of the dungeon, and saw 6 of its levels.

You collected 147 gold pieces.

Inventory:

Hand Weapons
 a - a +0 war axe (weapon)
Missiles
 d - 3 throwing nets (quivered)
Armour
 b - a +0 leather armour (worn)
 c - a +1 helmet
Jewellery
 k - a ring of resist corrosion
Wands
 o - a wand of acid (5)
Scrolls
 i - a scroll of teleportation
 m - a scroll of enchant armour
Potions
 e - a potion of flight
 f - a potion of curing {unknown}
 h - 2 potions of attraction
 n - a potion of resistance


   Skills:
 + Level 3.5 Fighting
 + Level 6.1 Axes
 + Level 1.8 Throwing
 + Level 2.7 Armour
 + Level 4.1 Dodging
 + Level 1.8 Stealth


You had 6 spell levels left.
You didn't know any spells.
Your spell library contained the following spells:

 Spells                   Type           Power      Damage    Failure   Level
 Foxfire                  Conj/Fire      0%         2x1d4     43%         1
 Freezing Cloud           Conj/Ice/Air   0%         6-21      100%        5
 Summon Mana Viper        Hex/Summ       0%         N/A       100%        5


Dungeon Overview and Level Annotations

Branches:
Dungeon (5/15)             Temple (1/1) D:4

Altars:
Cheibriados
Dithmenos
Gozag
Makhleb
Nemelex Xobeh
Okawaru
Qazlal
Sif Muna
Vehumet
Zin
Lugonu

Shops:
D:2 =*(   D:5 *


Innate Abilities, Weirdness & Mutations

You have a pair of small horns on your head.
You are partially covered in slimy green scales. (AC +2)
You are mostly covered in sharp spines.


Message History

You kill the iguana!
Makhleb accepts your kill.
You see here an iguana corpse.
A yak comes into view.
A yak is nearby!
A yak is nearby!
A yak comes into view.
A yak comes into view.
The yak bellows!
You hear an angry hiss.
A yak comes into view.
You see here an iguana corpse.
The yak bellows!
You hear a bellow!
The yak barely misses you.
There is a stone staircase leading up here.
There is a stone staircase leading up here.
You hit the yak but do no damage. The yak gores you but does no damage.
The yak is struck by your spines. The yak gores you.
You barely miss the yak. You hit the yak. The yak is struck by your spines.
The yak completely misses you. The yak gores you!
You hit the yak.
The yak is lightly wounded.
You hit the yak but do no damage. The yak is struck by your spines.
The yak gores you. The yak closely misses you.
You barely miss the yak.
The yak is moderately wounded.
You hit the yak but do no damage. The yak is struck by your spines.
The yak gores you! The yak is struck by your spines. The yak gores you.
The yak gores you!
* * * LOW HITPOINT WARNING * * *
You hit the yak.
The yak is heavily wounded.
You slash the yak! The yak gores you!
* * * LOW HITPOINT WARNING * * *
The yak misses you. The yak gores you but does no damage.
The yak closely misses you.
You climb upwards.
There is a stone staircase leading down here.
It was a potion of haste.
You feel yourself speed up. The yak is struck by your spines.
The yak gores you!
You die...

.#........##.###......##.#
#.#
##........##..##.........#
#.#
..........###.##.)....####
#.#
...#####.###...#......#
#.#
...#####.###.#.#......#
#.#
####...........).#.####
#.# #........_....#.####
#.# #......._8_..Y#....#
#.# ##
#####.#.._...@####.# #.#
.# #.......Y## #.# #.# .#
#..#####.# #.# #.# .#
#..### #.# #.# #.# ######
#....# #.# #.# #.###
.....# ##.#.# #.# #.#
#.... .###.####.#.#
#.#####.# #####
..........#.# #.......#
#<# .###.######.#
######### #.#


You could see 2 yaks.

Vanquished Creatures
  A water moccasin (D:5)
  2 necrophages
  A scorpion (D:5)
  A bullfrog zombie (D:5)
  A hound (D:4)
  A bullfrog skeleton (D:4)
  An orc priest (D:5)
  A centaur skeleton (D:4)
  2 iguanas
  Terence (D:2)
  Natasha (twice) (D:2)
  A hound skeleton (D:4)
  6 gnolls (D:2)
  5 adders
  2 adder skeletons (D:4)
  3 worms
  6 orcs
  3 ball pythons
  4 endoplasms
  2 giant cockroaches
  5 goblins
  8 hobgoblins
  3 jackals (D:4)
  2 kobolds
  4 quokkas
  6 bats
  3 frilled lizards
  6 rats
83 creatures vanquished.

Notes
Turn   | Place    | Note
-------+----------+-------------------------------------------
     0 | D:1      | lonewolfV2 the Demonspawn Gladiator began the quest for the
                  | Orb.
     0 | D:1      | Reached XP level 1. HP: 16/16 MP: 1/1
   313 | D:1      | Gained mutation: You are partially covered in slimy green
                  | scales. (AC +2) [demonic ancestry]
   313 | D:1      | Reached XP level 2. HP: 22/22 MP: 2/2
   323 | D:1      | Reached skill level 3 in Axes
   944 | D:2      | Gained mutation: You are partially covered in sharp spines.
                  | [demonic ancestry]
   944 | D:2      | Reached XP level 3. HP: 27/27 MP: 3/3
   961 | D:2      | Noticed Terence
   970 | D:2      | Killed Terence
  1426 | D:2      | Found Biudeid's Antique Weapon Shoppe.
  1452 | D:2      | Reached skill level 1 in Armour
  1456 | D:2      | Reached XP level 4. HP: 8/33 MP: 4/4
  1701 | D:2      | Got the Disquisition on Illusion and Conjuration
  1815 | D:2      | Noticed Natasha
  1819 | D:2      | Killed Natasha
  1878 | D:2      | Gained mutation: You are mostly covered in sharp spines.
                  | [demonic ancestry]
  1878 | D:2      | Reached XP level 5. HP: 8/39 MP: 5/5
  2312 | D:2      | Found Oset's Assorted Antiques.
  2408 | D:2      | Reached skill level 4 in Axes
  2437 | D:2      | Found Qofoxyll's Jewellery Shop.
  2475 | D:2      | Found a faded altar of an unknown god.
  2695 | D:2      | Noticed Natasha
  2704 | D:2      | Killed Natasha
  2956 | D:3      | Found an opulent altar of Gozag.
  3068 | D:3      | Found a radiant altar of Vehumet.
  3669 | D:4      | Found a staircase to the Ecumenical Temple.
  3682 | D:4      | Found a shadowy altar of Dithmenos.
  3683 | D:4      | Found a sparkling altar of Nemelex Xobeh.
  3683 | D:4      | Found a stormy altar of Qazlal.
  3757 | D:4      | Reached skill level 1 in Stealth
  3864 | D:4      | Gained mutation: You have a pair of small horns on your
                  | head. [demonic ancestry]
  3864 | D:4      | Reached XP level 6. HP: 43/46 MP: 6/6
  4208 | D:4      | Reached skill level 5 in Axes
  4482 | Temple   | Entered the Ecumenical Temple
  4504 | Temple   | Became a worshipper of Makhleb the Destroyer
  4549 | D:5      | Entered Level 5 of the Dungeon
  4616 | D:5      | Found Nacorchaz's Assorted Antiques.
  4629 | D:5      | Reached XP level 7. HP: 46/52 MP: 7/7
  4647 | D:5      | Reached skill level 6 in Axes
  4800 | D:5      | Noticed a yak
  4801 | D:5      | Noticed a yak
  4802 | D:5      | Noticed a yak
  4803 | D:5      | Noticed a yak
  4828 | D:4      | Mangled by a yak

Illustrated notes

Levels and vault maps discovered:
D:1:      doesnt_arrival_eight_statues, layout_basic
D:2:      layout_loops_ring, hellmonk_ecumenical_altar_slurped_away,
          serial_shops, shop, nicolae_lakefront_shop, shop, dk_noncrumbling_4,
          minmay_split_cup_large, uniq_natasha, uniq_terence
D:3:      layout_loops_corners, grunt_gozag_statues, nicolae_vehumet_altar_sigil
D:4:      layout_basic, chequers_temple_overflow_statue_of_worship,
          temple_statues, kennysheep_decorative_pillar
D:5:      layout_cave_pools, kennysheep_little_box,
          mainiacjoe_overflow_brackets, serial_shops, shop
Temple:   corrupted_temple

Skill      XL: |  1  2  3  4  5  6  7 |
---------------+----------------------+-----
Axes           | 3 4 5 6 |  6.1
Dodging        | 3 4 |  4.1
Armour         | 1 2 |  2.7
Stealth        | 1 |  1.8
Fighting       | 3 |  3.5
Throwing       | |  1.8

Action                   |  1- 3 |  4- 6 |  7- 9 || total
-------------------------+-------+-------+-------++-------
Melee: War axe           |    86 |    96 |    15 ||   197
       Headbutt          |       |     4 |     2 ||     6
       Punch             |       |       |     1 ||     1
  Use: Scroll            |       |     2 |     4 ||     6
       Potion            |       |     1 |     1 ||     2
 Stab: Sleeping          |       |     1 |       ||     1
Armor: Leather armour    |    57 |    21 |     6 ||    84
Dodge: Dodged            |   101 |    70 |    16 ||   187

Table legend: (Time is in decaauts)
 A = Elapsed time spent in this place.
 B = Non-inter-level travel time spent in this place.
 C = Inter-level travel time spent in this place.
 D = Time resting spent in this place.
 E = Time spent auto-exploring this place.
 F = Levels seen in this place.
 G = Mean time per level.
                   A        B        C        D        E       F      G
               +--------+--------+--------+--------+--------+-----+--------+
         Total |   4898 |   4811 |     87 |    918 |   3012 |   6 |  816.3 |
       Dungeon |   4854 |   4767 |     87 |    918 |   3012 |   5 |  970.8 |
        Temple |     43 |     43 |      0 |      0 |      0 |   1 |   43.0 |
               +--------+--------+--------+--------+--------+-----+--------+

Top non-repeatable levels by time:
     D:2: 1824 daAuts
     D:1: 926 daAuts
     D:3: 925 daAuts
     D:4: 894 daAuts
     D:5: 284 daAuts
  Temple: 43 daAuts
